 Dungeon Crawl Stone Soup version 0.20.1-1-g8b1a95d (webtiles) character file.

11601 sprush the Summoner (level 11, -12/83 HPs)
             Began as a Barachi Summoner on Oct 29, 2017.
             Was a High Priest of Sif Muna.
             Mangled by a spiny frog (16 damage)
             ... on level 4 of the Lair of Beasts on Oct 30, 2017.
             The game lasted 04:08:25 (13714 turns).

sprush the Summoner (Barachi Summoner)             Turns: 13714, Time: 04:08:26

Health: -12/83     AC:  6    Str: 11    XL:     11   Next: 80%
Magic:  26/32      EV: 16    Int: 19    God:    Sif Muna [*****.]
Gold:   210        SH:  0    Dex: 17    Spells: 13/27 levels left

rFire    x . .     SeeInvis .   S - +7 flail (crush)
rCold    + . .     Gourm    .   (no shield)
rNeg     + . .     Faith    .   Z - +2 leather armour {rN+}
rPois    +         Spirit   .   (no helmet)
rElec    +         Reflect  .   (no cloak)
rCorr    .         Harm     .   u - +1 pair of gloves
MR       .....                  (no boots)
Stlth    +++.......             O - amulet of magic regeneration
Regen    0.3/turn               i - ring of magical power
MPRegen  0.4/turn               J - ring "Igioleth" {rElec rPois rF- rC+ Dex+4}

@: about to teleport, can't hop, divine energy, slow
A: +LOS, swims, camouflage 1, blurry vision 1, deformed body, slowness 1, strong
1, strong legs 1
a: Hop, Stop Divine Energy, Channel Magic, Forget Spell, Renounce Religion


You were on level 4 of the Lair of Beasts.
You worshipped Sif Muna.
Sif Muna was extremely pleased with you.
You were not hungry.

You visited 3 branches of the dungeon, and saw 15 of its levels.
You also visited: Sewer.

You collected 634 gold pieces.
You spent 424 gold pieces at shops.

Inventory:

Hand Weapons
 y - a +0 blowgun
 S - a +7 flail of crushing (weapon)
Missiles
 e - 10 tomahawks (quivered)
 m - 138 sling bullets
 C - 43 poisoned needles
 F - 3 javelins
 G - 122 arrows
 I - 4 large rocks
Armour
 u - a +1 pair of gloves (worn)
 x - a +0 shield
 Z - a +2 leather armour of positive energy (worn)
Jewellery
 i - a ring of magical power (left hand)
 n - an uncursed ring of flight
 E - an uncursed ring of stealth
 J - the ring "Igioleth" (right hand) {rElec rPois rF- rC+ Dex+4}
   (You bought it in a shop on level 9 of the Dungeon)

   [ring of poison resistance]

   It affects your dexterity (+4).
   It makes you vulnerable to fire.
   It protects you from cold.
   It insulates you from electricity.
   It protects you from poison.
 O - an amulet of magic regeneration (around neck)
 P - an uncursed ring of teleportation
 Y - an uncursed ring of resist corrosion
Wands
 h - a wand of polymorph (16/24)
 v - a wand of polymorph (13/24)
 B - a wand of scattershot (3/9)
 K - a wand of paralysis (14/24)
 L - a wand of polymorph (8/24)
 N - a wand of iceblast (8/15)
 T - a wand of flame (10/48)
Scrolls
 j - 2 scrolls of fear
 l - 7 scrolls of identify
 t - 2 scrolls of enchant armour
 w - 2 scrolls of recharging
 z - 8 scrolls of teleportation
 M - 2 scrolls of magic mapping
 R - 5 scrolls of amnesia
 V - 3 scrolls of remove curse
Potions
 f - 2 potions of magic
 g - 5 potions of agility
 k - a potion of berserk rage
 o - 3 potions of haste
 p - 2 potions of curing
 q - a potion of mutation
 r - a potion of might
 s - 2 potions of brilliance
 Q - a potion of flight
 U - a potion of heal wounds
Books
 b - a book of Callings

   Spells                             Type                      Level
   a - Summon Small Mammal            Summoning                    1
   b - Call Imp                       Summoning                    2
   c - Call Canine Familiar           Summoning                    3
   d - Summon Guardian Golem          Hexes/Summoning              3
   e - Summon Lightning Spire         Summoning/Air                4
   f - Summon Ice Beast               Ice/Summoning                4
 W - a book of the Sky

   Spells                             Type                      Level
   a - Summon Lightning Spire         Summoning/Air                4
   b - Silence                        Hexes/Air                    5
   c - Deflect Missiles               Charms/Air                   6
   d - Conjure Ball Lightning         Conjuration/Air              6
   e - Tornado                        Air                          9
 X - a book of Unlife

   Spells                             Type                      Level
   a - Recall                         Summoning/Translocation      3
   b - Animate Dead                   Necromancy                   4
   c - Control Undead                 Necromancy                   4
   d - Cigotuvi's Embrace             Necromancy                   5
   e - Death Channel                  Necromancy                   6
   f - Simulacrum                     Ice/Necromancy               6
Miscellaneous
 a - a phantom mirror
Comestibles
 c - 14 bread rations
 d - 4 meat rations
 A - 7 royal jellies
 D - 6 fruits


   Skills:
 * Level 6.7 Fighting
 + Level 4.0 Maces & Flails
 - Level 0.2 Throwing
 * Level 6.3 Armour
 * Level 7.1 Dodging
 - Level 1.8 Stealth
 + Level 0.2 Shields
 + Level 8.8 Spellcasting
 + Level 11.3 Summonings
 * Level 10.1 Ice Magic
 * Level 1.5 Poison Magic
 * Level 1.3 Evocations


You had 13 spell levels left.
You knew the following spells:

 Your Spells              Type           Power        Failure   Level  Hunger
a - Summon Small Mammal   Summ           ####         1%          1    None
b - Summon Ice Beast      Ice/Summ       #####...     1%          4    ###....
c - Call Canine Familiar  Summ           ######..     1%          3    None
d - Poison Arrow          Conj/Pois      ##........   100%        6    ######.


Dungeon Overview and Level Annotations

Branches:
Dungeon (10/15)            Temple (1/1) D:5            Lair (4/6) D:9
  Swamp (0/4) Lair:2
  Snake: Lair:2-4    Spider: Lair:2-4       Orc: D:9-12

Altars:
Ashenzari
Cheibriados
Dithmenos
Elyvilon
Fedhas
Gozag
Hepliaklqana
Kikubaaqudgha
Makhleb
Nemelex Xobeh
Okawaru
Qazlal
Ru
Sif Muna
Trog
Uskayaw
Vehumet
Xom
Yredelemnul
Zin
The Shining One

Shops:
D:5 =   D:9 !==

Annotations:
D:4 Dowan, Duvessa


Innate Abilities, Weirdness & Mutations

Shadows flee at your approach. (+LOS)
You can swim through water.
You cover ground slowly.
You can hop short distances.
Your skin changes colour to match your surroundings (Stealth+).
Scrolls take you a little longer to read.
Armour fits poorly on your strangely shaped body.
Your muscles are strong. (Str +2)


Message History

Your ice beast barely misses the spiny frog.
You climb downwards.
Found 14 gold pieces, a plate armour and a scroll of identify.
Found two stone staircases leading down.
There is a stone staircase leading up here.
Okay, then.
Really read with blurry vision while enemies are nearby?
Uppercase [Y]es or [N]o only, please.
Really read with blurry vision while enemies are nearby?
The water moccasin misses you. The spiny frog stings you!
* * * LOW HITPOINT WARNING * * *
You begin reading the scroll.
You continue reading the scroll.
The water moccasin barely misses you. The spiny frog misses you.
The water moccasin barely misses you.
As you read the scroll of teleportation, it crumbles to dust.
You feel strangely unstable. The water moccasin bites you!
* * * LOW HITPOINT WARNING * * *
The spiny frog stings you!
You die...

..###....#....##.
..................
........?..........
.>................#
...................
..................#
........$......[..#
...................
.>.......S@.......#
..........F........
........<..........
...................
....#...#P..P.P###.
.P.P≈............
≈≈≈≈≈............
≈≈≈≈≈≈..#......#.P.
≈...≈≈≈≈##.....###.


You could see a spiny frog and a water moccasin.

Vanquished Creatures
  A two-headed ogre (D:10)
  A hippogriff (Lair:3)
  A hog (D:7)
  A sky beast (D:5)
  A wolf (Lair:3)
  3 bullfrogs
  3 hounds
  Ijyb (D:3)
  A hound zombie (D:5)
  4 adders
  A shadow imp (D:6)
  A worm (D:2)
  3 leopard geckos
  2 orcs
  2 bats (D:3)
  3 giant cockroaches
  A hobgoblin (D:1)
  5 jackals
  A quokka (D:3)
  2 frilled lizards
  A goblin (D:3)
  2 kobolds
  3 rats
  A plant (Lair:1)
45 creatures vanquished.

Vanquished Creatures (collateral kills)
  A hydra (Lair:1)
  3 two-headed ogres
  2 oklob plants (Lair:1)
  8 spiny frogs
  4 kobold demonologists (D:10)
  5 komodo dragons
  A hornet (D:8)
  5 blink frogs (Lair:3)
  9 hippogriffs
  Sigmund (D:6)
  15 yaks
  A wyvern (D:8)
  Eustachio (D:5)
  A human (D:7)
  3 hogs (D:7)
  Edmund (D:5)
  4 porcupines
  10 water moccasins
  2 black bears
  3 ice beasts
  2 orc warriors
  6 ogres
  A necrophage (D:7)
  An eye of draining (D:8)
  4 centaurs
  10 crocodiles
  4 wolves (Lair:3)
  5 big kobolds
  Blork the orc (D:5)
  8 bullfrogs
  A wyvern zombie (D:8)
  A scorpion (D:8)
  A howler monkey (D:6)
  A centaur zombie (D:6)
  4 crimson imps
  A bullfrog zombie (D:7)
  3 hounds
  An orc priest (D:7)
  2 jellies (D:7)
  A bullfrog skeleton (D:4)
  5 iguanas
  6 orc wizards
  4 worker ants
  A hound zombie (D:6)
  A mummy (D:4)
  A worker ant zombie (D:7)
  4 gnolls (D:6)
  13 adders
  2 river rats
  3 shadow imps
  An adder zombie (D:9)
  4 worms
  5 dart slugs
  3 leopard geckos
  24 orcs
  6 giant cockroaches
  9 goblins
  5 hobgoblins
  15 jackals
  23 kobolds
  3 quokkas
  3 ball pythons
  A bat (D:2)
  7 frilled lizards
  A hobgoblin zombie (D:4)
  2 kobold zombies (D:4)
  2 leopard gecko zombies
  An orc zombie (D:4)
  A quokka skeleton (D:4)
  11 rats
  A fungus (Lair:3)
  2 plants (Lair:1)
308 creatures vanquished.

Vanquished Creatures (others)
  A fungus (Lair:2)
  A plant (Lair:1)
2 creatures vanquished.

Grand Total: 355 creatures vanquished

Notes
Turn   | Place    | Note
-------+----------+-------------------------------------------
     0 | D:1      | sprush the Barachi Summoner began the quest for the Orb.
     0 | D:1      | Reached XP level 1. HP: 13/13 MP: 3/3
    18 | D:1      | Reached skill level 5 in Summonings
   152 | D:1      | Reached XP level 2. HP: 17/19 MP: 5/5
   796 | D:2      | Reached XP level 3. HP: 14/24 MP: 6/6
  1392 | D:3      | Found a faded altar of an unknown god.
  1759 | D:3      | Noticed Ijyb
  1777 | D:3      | Killed Ijyb
  1777 | D:3      | Reached XP level 4. HP: 22/30 MP: 8/8
  1833 | D:3      | Reached skill level 1 in Armour
  2049 | D:3      | Reached skill level 1 in Maces & Flails
  2213 | D:4      | Learned a level 4 spell: Summon Ice Beast
  2224 | D:4      | Learned a level 3 spell: Call Canine Familiar
  2238 | D:4      | Noticed Dowan
  2239 | D:4      | Noticed Duvessa
  2269 | D:4      | HP: 1/30 [Duvessa/wand of flame (?/48) (8)]
  2930 | D:4      | Got a bloodstained scale mail
  3087 | D:4      | Reached skill level 6 in Summonings
  3144 | D:4      | Reached XP level 5. HP: 27/36 MP: 9/9
  3188 | D:4      | Noticed an ogre
  3204 | D:4      | Killed an ogre
  3763 | D:4      | Reached skill level 1 in Ice Magic
  3763 | D:4      | Reached XP level 6. HP: 26/42 MP: 9/11
  3916 | D:5      | Entered Level 5 of the Dungeon
  4001 | D:5      | Found a staircase to the Ecumenical Temple.
  4012 | Temple   | Entered the Ecumenical Temple
  4156 | Temple   | Became a worshipper of Sif Muna the Loreminder
  4192 | D:5      | Noticed an ice beast
  4206 | D:5      | Killed an ice beast
  4206 | D:5      | Reached skill level 7 in Summonings
  4296 | D:5      | Found a glowing drain.
  4347 | Sewer    | Entered a sewer
  4972 | D:5      | Noticed Blork the orc
  5008 | D:5      | Killed Blork the orc
  5008 | D:5      | Reached * piety under Sif Muna
  5008 | D:5      | Reached XP level 7. HP: 45/47 MP: 13/13
  5087 | D:5      | Noticed Edmund
  5135 | D:5      | Killed Edmund
  5461 | D:5      | Found Votalusy's Jewellery Shop.
  5484 | D:5      | Found a shadowy altar of Dithmenos.
  5536 | D:5      | Reached skill level 1 in Fighting
  5540 | D:5      | Noticed Eustachio
  5575 | D:5      | Killed Eustachio
  5575 | D:5      | Reached skill level 5 in Spellcasting
  5806 | D:6      | Found a basalt altar of Yredelemnul.
  5839 | D:6      | Found a sparkling altar of Nemelex Xobeh.
  5839 | D:6      | Found a stormy altar of Qazlal.
  5930 | D:6      | Reached XP level 8. HP: 54/54 MP: 16/16
  5963 | D:6      | Reached ** piety under Sif Muna
  5963 | D:6      | Reached skill level 8 in Summonings
  6293 | D:6      | Noticed Sigmund
  6341 | D:6      | Killed Sigmund
  7126 | D:7      | Found a sacrificial altar of Ru.
  7131 | D:7      | Found a shattered altar of Ashenzari.
  7210 | D:7      | Reached skill level 9 in Summonings
  7210 | D:7      | Reached skill level 5 in Ice Magic
  7385 | D:7      | Reached XP level 9. HP: 54/61 MP: 18/18
  8004 | D:8      | Noticed a hornet
  8010 | D:8      | Paralysed by a hornet for 3 turns
  8012 | D:8      | Killed a hornet
  8012 | D:8      | Reached *** piety under Sif Muna
  8013 | D:8      | HP: 3/64 [poisoned by a hornet]
  8334 | D:8      | Noticed a two-headed ogre
  8959 | D:9      | Found Xoniged's Jewellery Shop.
  8959 | D:9      | Found Howoill's Jewellery Shop.
  8998 | D:9      | Bought the ring "Igioleth" {rElec rPois rF- rC+ Dex+4} for 424 gold pieces
  9059 | D:9      | Killed a two-headed ogre
  9071 | D:9      | Noticed a two-headed ogre
  9078 | D:9      | Killed a two-headed ogre
  9078 | D:9      | Reached skill level 5 in Dodging
  9078 | D:9      | Reached XP level 10. HP: 73/73 MP: 20/20
  9244 | D:9      | Reached skill level 10 in Summonings
  9269 | D:9      | Found a staircase to the Lair.
  9608 | D:9      | Found Ibrohapo's Distillery.
  9663 | D:9      | Gained mutation: Armour fits poorly on your strangely shaped body. [potion of mutation]
  9663 | D:9      | Gained mutation: Your skin changes colour to match your surroundings (Stealth+). [potion of mutation]
  9663 | D:9      | Gained mutation: Scrolls take you a little longer to read. [potion of mutation]
  9663 | D:9      | Gained mutation: Your muscles are strong. (Str +2) [potion of mutation]
  9773 | D:10     | Entered Level 10 of the Dungeon
  9824 | D:10     | Noticed a kobold demonologist
  9829 | D:10     | Noticed a kobold demonologist
  9834 | D:10     | Noticed a kobold demonologist
  9839 | D:10     | Noticed a sixfirhy
  9840 | D:10     | Noticed a sun demon
  9849 | D:10     | Killed a kobold demonologist
  9857 | D:10     | Noticed an orange demon
  9985 | D:10     | Noticed an orange demon
  9994 | D:10     | Killed a kobold demonologist
  9996 | D:10     | Killed a kobold demonologist
  9996 | D:10     | Reached **** piety under Sif Muna
 10077 | D:10     | Noticed a kobold demonologist
 10090 | D:10     | Killed a kobold demonologist
 10195 | D:10     | Reached skill level 5 in Fighting
 10263 | D:10     | Noticed a two-headed ogre
 10276 | D:10     | Killed a two-headed ogre
 10298 | D:10     | Noticed a two-headed ogre
 10309 | D:10     | Killed a two-headed ogre
 10352 | Lair:1   | Entered Level 1 of the Lair of Beasts
 10352 | Lair:1   | Noticed a six-headed hydra
 10360 | Lair:1   | Killed a six-headed hydra
 10630 | Lair:1   | Noticed a spiny frog
 10630 | Lair:1   | Noticed a spiny frog
 10637 | Lair:1   | Killed a spiny frog
 10645 | Lair:1   | Killed a spiny frog
 10645 | Lair:1   | Reached skill level 5 in Armour
 10867 | Lair:1   | Noticed a spiny frog
 10874 | Lair:1   | Killed a spiny frog
 10985 | Lair:1   | Reached XP level 11. HP: 80/80 MP: 20/23
 10986 | Lair:1   | Reached ***** piety under Sif Muna
 11015 | Lair:1   | Received a gift from Sif Muna
 11040 | Lair:1   | Identified Toceusol's Incunabulum of Intoxication (Sif Muna gifted it to you on level 1 of the Lair of Beasts)
 11219 | Lair:1   | Noticed an oklob plant
 11219 | Lair:1   | Noticed an oklob plant
 11254 | Lair:1   | Killed an oklob plant
 11410 | Lair:1   | Killed an oklob plant
 11706 | Lair:1   | Reached skill level 11 in Summonings
 12475 | Lair:2   | Found a staircase to the Swamp.
 12843 | Lair:2   | Learned a level 6 spell: Poison Arrow
 13385 | Lair:3   | Reached skill level 1 in Evocations
 13445 | Lair:3   | Reached skill level 10 in Ice Magic
 13490 | Lair:3   | Reached skill level 1 in Poison Magic
 13693 | Lair:3   | Noticed an eight-headed hydra
 13714 | Lair:4   | HP: 4/83 [water moccasin (8)]
 13714 | Lair:4   | Mangled by a spiny frog

Skill      XL: |  1  2  3  4  5  6  7  8  9 10 11 |
---------------+----------------------------------+-----
Summonings     | 5 6 7 9 10 11 | 11.3
Armour         | 1 3 5 6 |  6.3
Maces & Flails | 1 2 3 4 |  4.0
Spellcasting   | 3 4 5 6 7 8 |  8.8
Ice Magic      | 1 2 3 5 7 9 10 | 10.1
Fighting       | 1 2 4 5 6 |  6.7
Dodging        | 3 5 6 7 |  7.1
Evocations     | 1 |  1.3
Poison Magic   | 1 |  1.5
Throwing       | |  0.2
Stealth        | |  1.8
Shields        | |  0.2

Action                   |  1- 3 |  4- 6 |  7- 9 | 10-12 || total
-------------------------+-------+-------+-------+-------++-------
Melee: Unarmed           |     5 |       |       |       ||     5
       Mace              |    42 |    53 |    13 |       ||   108
       Flail             |       |       |    59 |    62 ||   121
Throw: Stone             |    10 |     3 |     1 |       ||    14
       Throwing net      |       |       |     1 |     1 ||     2
 Cast: Summon Small Mamm |    90 |    97 |    71 |     9 ||   267
       Call Canine Famil |       |    30 |    41 |    52 ||   123
       Summon Ice Beast  |       |     3 |    61 |   124 ||   188
Invok: Divine Energy     |       |       |       |     1 ||     1
 Abil: Hop               |       |       |     3 |     8 ||    11
Evoke: Wand              |       |       |     1 |       ||     1
  Use: Potion            |       |       |    12 |     4 ||    16
       Scroll            |       |       |     8 |    11 ||    19
 Stab: Distracted        |     2 |       |     3 |       ||     5
  Eat: Chunk             |     3 |    11 |    19 |    18 ||    51
       Meat ration       |       |     1 |     1 |     2 ||     4
Armor: Robe              |     8 |    18 |    21 |       ||    47
       Chain mail        |     5 |       |       |       ||     5
       Leather armour    |       |       |       |    10 ||    10
Dodge: Dodged            |    39 |    50 |    64 |    54 ||   207
Block: Shield            |     7 |     5 |       |       ||    12
